Map: Cyber Forest LE

Players

alois - Winner!

  • Race: Protoss Protoss
  • League: Diamond
  • Spawn Location: 5:00

Parkkatz

  • Race: Zerg Zerg
  • League: Platinum
  • Spawn Location: 11:00

VOD

Have the link to the VOD?

Description

Time

  • Played on: July 4, 2019, 8:09 p.m.
  • Length: 19:10
Show
View Real Time Build Order
Export as new Build Order

alois Protoss - Winner!

Build Orders:  

Get SALT Encoding   

  12  0:13  Probe  
  12  0:14  Pylon  
  13  0:21  Probe  
  14  0:34  Forge  
  14  0:44  Pylon  
  14  0:57  Assimilator  
  14  1:03  Assimilator  
  14  1:08  Pylon  
  14  1:19  Photon Cannon  
  14  1:32  Photon Cannon  
  14  1:41  Pylon  
  14  2:01  Photon Cannon  
  14  2:07  Photon Cannon  
  14  2:09  Probe  
  15  2:17  Probe  
  16  2:27  Photon Cannon  
  16  2:30  Probe  
  17  2:38  Probe  
  18  2:47  Assimilator  
  18  2:52  Assimilator  
  18  3:00  Probe  
  18  3:03  Pylon  
  19  3:12  Probe  
  20  3:33  Gateway, Probe  
  20  3:38  Pylon  
  20  3:41  Probe  
  21  3:43  Pylon  
  21  3:47  Pylon  
  22  3:51  Probe  
  23  4:03  Probe  
  23  4:05  Photon Cannon  
  24  4:10  Photon Cannon  
  24  4:18  Probe  
  24  4:19  Photon Cannon  
  25  4:34  Cybernetics Core  
  25  4:45  Probe  
  26  4:55  Photon Cannon  
  26  4:57  Probe  
  27  5:02  Photon Cannon  
  27  5:13  Photon Cannon  
  27  5:23  Probe  
  27  5:25  Stargate  
  28  5:31  Probe  
  29  5:37  Pylon  
  29  5:44  Stargate  
  29  5:51  Shield Battery  
  29  5:53  Shield Battery  
  29  5:59  Pylon  
  29  6:12  Pylon  
  29  6:29  Void Ray  
  33  6:33  Void Ray  
  37  6:43  Photon Cannon  
  37  6:49  Shield Battery  
  37  6:54  Shield Battery  
  37  7:04  Photon Cannon  
  37  7:22  Void Ray  
  41  7:25  Pylon  
  41  7:38  Void Ray  
  45  8:18  Void Ray  
  49  8:26  Photon Cannon  
  49  8:28  Photon Cannon  
  49  8:52  Nexus  
  49  9:10  Pylon  
  49  9:13  Assimilator  
  49  9:18  Assimilator  
  49  9:21  Probe  
  49  9:29  Probe  
  51  9:39  Probe  
  51  9:45  Pylon  
  44  10:30  Photon Cannon  
  44  10:32  Photon Cannon  
  44  10:35  Photon Cannon  
  44  10:37  Shield Battery  
  44  10:42  Shield Battery  
  44  10:56  Pylon  
  44  10:57  Probe  
  45  11:05  Probe  
  46  11:16  Photon Cannon  
  46  11:23  Stargate  
  46  11:32  Stargate  
  46  11:34  Stargate  
  46  11:41  Probe  
  47  11:49  Probe  
  47  11:53  Shield Battery  
  48  11:55  Photon Cannon  
  48  11:56  Pylon  
  48  11:59  Probe  
  48  12:02  Void Ray  
  53  12:09  Void Ray  
  53  12:11  Probe  
  58  12:28  Void Ray  
  62  12:31  Void Ray  
  66  12:47  Void Ray  
  66  12:49  Void Ray  
  74  12:55  Pylon  
  74  13:07  Photon Cannon  
  74  13:11  Photon Cannon  
  74  13:15  Shield Battery  
  74  13:19  Shield Battery  
  74  13:22  Probe, Void Ray  
  79  13:30  Probe  
  80  13:40  Probe  
  80  13:45  Probe  
  80  13:48  Protoss Air Weapons Level 1  
  81  13:52  Void Ray  
  81  13:53  Probe  
  81  13:55  Void Ray  
  91  14:03  Void Ray  
  95  14:13  Void Ray  
  99  14:32  Nexus  
  99  14:35  Assimilator  
  99  14:40  Assimilator  
  99  14:43  Pylon  
  90  15:38  Void Ray x2  
  90  15:39  Void Ray  
  90  15:40  Void Ray  
  90  15:41  Void Ray  
  70  16:23  Stargate  
  70  16:27  Stargate  
  70  16:32  Void Ray  
  74  16:33  Void Ray  
  74  16:35  Void Ray  
  82  16:50  Photon Cannon  
  82  17:04  Photon Cannon  
  82  17:05  Void Ray  
  82  17:07  Void Ray  
  90  17:10  Probe  
  90  17:12  Pylon  
  91  17:18  Probe  
  92  17:27  Void Ray  
  96  17:41  Photon Cannon  
  96  17:44  Photon Cannon  
  96  17:56  Void Ray  
  100  18:01  Probe  
  101  18:09  Probe  
  101  18:19  Probe, Void Ray  
  107  18:29  Photon Cannon  
  107  18:31  Probe  
Show
View Real Time Build Order
Export as new Build Order

Parkkatz Zerg 

Build Orders: Hatch First 

Get SALT Encoding   

  12  0:01  Drone  
  13  0:13  Overlord  
  13  0:21  Overlord  
  13  0:26  Drone  
  14  0:33  Drone  
  15  0:36  Drone  
  16  0:48  Drone  
  17  0:57  Drone  
  18  1:09  Hatchery  
  17  1:18  Spawning Pool  
  16  1:24  Drone x2  
  18  1:34  Drone  
  19  1:55  Drone  
  19  1:56  Drone  
  19  2:15  Queen, Zergling x4  
  22  2:23  Queen  
  22  2:24  Zergling x2  
  25  2:30  Roach Warren  
  24  2:46  Spine Crawler  
  24  2:50  Drone, Queen  
  25  2:53  Drone  
  25  2:54  Extractor  
  25  3:05  Drone x2  
  26  3:06  Drone  
  27  3:33  Roach  
  29  3:34  Overlord  
  29  3:52  Extractor  
  29  3:53  Roach x2  
  29  3:54  Roach  
  34  4:08  Roach  
  36  4:14  Spore Crawler  
  36  4:16  Drone x3  
  38  4:40  Overlord x2  
  38  4:54  Lair  
  38  5:04  Roach x5  
  48  5:09  Overlord  
  48  5:25  Roach  
  48  5:26  Ravager  
  51  5:33  Overlord  
  51  5:37  Ravager  
  52  5:46  Drone x3  
  55  5:54  Glial Reconstitution  
  55  6:16  Roach x2  
  55  6:17  Roach x3  
  62  6:25  Roach  
  61  6:42  Spore Crawler, Roach  
  61  6:44  Hatchery  
  61  6:49  Overlord  
  57  7:15  Zergling x6  
  55  7:16  Zergling x2  
  55  7:21  Overlord  
  57  7:26  Drone  
  58  7:33  Overseer  
  58  7:43  Drone x4  
  62  7:55  Queen  
  62  7:58  Ravager x4  
  66  8:05  Spore Crawler  
  63  8:19  Queen  
  61  8:22  Spore Crawler  
  61  8:25  Spore Crawler  
  32  9:02  Queen  
  25  9:06  Hydralisk Den  
  26  9:21  Drone x2  
  26  9:22  Drone  
  29  9:38  Hatchery, Queen  
  28  9:41  Spore Crawler  
  29  9:49  Grooved Spines  
  29  9:58  Hydralisk  
  31  10:14  Hydralisk  
  31  10:19  Hydralisk  
  33  10:24  Hydralisk  
  33  10:32  Zergling x2  
  34  10:49  Spore Crawler  
  33  10:50  Hydralisk  
  33  10:52  Drone x2  
  37  11:04  Drone x2  
  39  11:09  Drone  
  40  11:17  Drone  
  40  11:18  Drone  
  42  11:26  Hydralisk  
  44  11:34  Muscular Augments  
  44  11:37  Spore Crawler  
  43  11:41  Drone  
  44  12:00  Drone  
  44  12:01  Drone x3  
  48  12:02  Overlord  
  48  12:03  Overlord  
  48  12:14  Spore Crawler, Drone x2  
  49  12:16  Extractor  
  49  12:19  Extractor  
  46  12:24  Zergling x4  
  46  12:25  Zergling x2  
  49  12:30  Drone  
  49  12:31  Drone  
  49  12:33  Drone  
  52  12:37  Zergling x2  
  53  12:44  Evolution Chamber  
  53  12:45  Evolution Chamber  
  51  12:55  Zergling x8  
  54  13:04  Hydralisk  
  54  13:05  Hydralisk  
  54  13:21  Hydralisk x3  
  60  13:27  Zerg Missile Weapons Level 1  
  60  13:32  Overlord  
  60  13:35  Drone  
  60  13:37  Drone  
  60  13:41  Drone  
  63  13:43  Drone  
  64  13:50  Infestation Pit  
  64  13:55  Drone x2  
  65  14:04  Drone  
  65  14:05  Drone x2  
  68  14:13  Hydralisk  
  70  14:26  Hydralisk x2, Extractor x2  
  66  14:46  Hydralisk x4  
  73  15:00  Hatchery  
  73  15:03  Hydralisk  
  74  15:08  Overlord  
  74  15:19  Queen  
  58  15:38  Hydralisk  
  58  15:39  Hydralisk x3  
  58  15:40  Hydralisk  
  50  15:49  Hydralisk x2  
  48  15:55  Hydralisk  
  52  16:06  Drone  
  52  16:07  Zergling x8  
  49  16:15  Hydralisk  
  49  16:20  Hydralisk  
  51  16:27  Drone x2  
  51  16:32  Hydralisk  
  55  16:40  Drone  
  55  16:41  Drone x2  
  53  16:59  Spire  
  51  17:02  Drone x3  
  51  17:03  Drone  
  55  17:13  Spore Crawler  
  55  17:14  Spore Crawler, Drone  
  55  17:15  Drone  
  55  17:20  Zergling x4  
  57  17:27  Queen  
  59  17:33  Drone x2  
  61  17:37  Queen  
  63  17:47  Metabolic Boost  
  63  17:51  Hydralisk x2  
  63  17:54  Drone  
  63  17:55  Drone  
  63  17:57  Drone  
  70  18:03  Hydralisk  
  72  18:11  Drone  
  74  18:12  Drone  
  74  18:15  Spore Crawler  
  73  18:22  Drone  
  74  18:35  Overlord  
  74  18:36  Overlord  
  73  18:48  Overlord x2  
  73  18:49  Overlord  
Tags
 
Add a new tag
Caveats
  • Supply blocks, unpowered buildings, or Contaminate may cause inaccurate times.
  • Supply counts are checked every 10 seconds.